[Event "*** Titled Tuesday Blitz"]
[Site "Chess.com"]
[Date "2020.05.19"]
[Round "10"]
[White "EmeseBalogh"]
[Black "Efremov_Vlad"]
[Result "0-1"]
[WhiteElo "1949"]
[BlackElo "2138"]
[TimeControl "180+1"]
[EndTime "13:58:10 PDT"]
[Termination "Efremov_Vlad won by resignation"]

1. e4 c5 2. Nc3 e6 3. g3 Nc6 4.
Bg2 g6 5. d3 Bg7 6. Be3 d6 7.
Nge2 Nge7 8. O-O Nd4 9. Qd2 O-O 10. f4 Rb8 11. Rae1 b5 12. Nd1 Bb7 13. c3 Nxe2+ 14. Qxe2 a5 15. Nf2 Qc7 16. h3 d5 17. g4 dxe4 18. dxe4 f5 19. gxf5 gxf5 20. e5 Nd5 21. Bc1 c4 22. Kh2 b4 23. Rg1 bxc3 24. Bxd5 Bxd5 25.
bxc3 Kh8 26. Be3 Rg8 27. Qh5 Bxe5 28. Qh6 Bxc3 29. Rc1 Bg7 30. Qh4 Rb2 31. Rg5 Re2 32.
Rh5 Bb2 33. Rd1 Rxe3 34. Rxd5 exd5 35. Rxf5 Re2 36. Re5 Qg7 37. Rg5 Rxf2+ 38. Qxf2 Qf6 39.
Rxg8+ Kxg8 40. Qg3+ Kh8 41. Qf3 d4 42. Qd5 Kg7 43. Qxc4 d3 44. Qxd3 Qxf4+ 45. Qg3+ Qxg3+ 46. Kxg3 Be5+ 47. Kg4 Kf6 48. h4 Ke6 49. h5 Kd5 50.
Kg5 Kc4 51. Kh6 Kc3 52. Kxh7 Kb2 53. Kg6 Kxa2 54. h6 Bd4 55. h7 Bh8 56. Kf7 Ba1 57. Kg8 a4 58. h8=Q Bxh8 59. Kxh8 a3 60. Kg7 Kb2 61. Kf6 a2 62. Ke5 a1=Q 63. Kd4 Qc1 64. Kd3 Kb3 65. Kd4 Qd1+ 66. Ke3 Qg4 0-1

[Event "*** Titled Tuesday Blitz"]
[Site "Chess.com"]
[Date "2020.05.19"]
[Round "10"]
[White "Gabrielian_Artur"]
[Black "promen1999"]
[Result "1-0"]
[WhiteElo "2751"]
[BlackElo "2882"]
[TimeControl "180+1"]
[EndTime "13:58:11 PDT"]
[Termination "Gabrielian_Artur won on time"]

1. e4 c5 2. Nc3 Nc6 3. Bb5 g6 4. Bxc6 bxc6 5. d3 Bg7 6. f4 d6 7.
Nf3 Bg4 8. O-O Nf6 9. Qe1 Qb6 10.
Kh1 Bxf3 11. Rxf3 h5 12. b3 Ng4 13. Bd2 Bd4 14. Rb1 e6 15. Nd1 Qa6 16. a4 Rb8 17. Ne3 d5 18. exd5 cxd5 19. Nxd5 Qc6 20. Nc3 h4 21. h3 Nf6 22. Ne4 Nh5 23. Qxh4 c4 24. Rc1 cxd3 25. cxd3 Qd5 26. Qg5 Rxb3 27. Qxd5 exd5 28. Nd6+ Ke7 29. Nb5 Bf6 30. Rc7+ Kf8 31. Be3 Rb1+ 32. Kh2 Bh4 33. g4 Nf6 34. Bd4 Nxg4+ 35.
hxg4 Bf6+ 36. Kg2 Bxd4 37. Nxd4 Rhh1 38. Kf2 Rhf1+ 39. Ke2 Rfe1+ 40. Kf2 Rf1+ 41. Ke3 Rfe1+ 42. Ne2 Rb6 43. Rf2 Re6+ 44. Kf3 Ra1 45. Nd4 Ree1 46. f5 g5 47. f6 Re5 48. Rc8+ Re8 49. Rxe8+ Kxe8 50.
Re2+ Kf8 51. Nf5 Rxa4 52. Rc2 Ke8 53. Nd6+ Kd7 54. Nxf7 Ke6 55. Nxg5+ Kxf6 56. Nh3 Ke5 57. Re2+ Kd4 58. Nf4 Ra1 59. g5 Rg1 60. Rg2 Rf1+ 61. Rf2 Rg1 62. g6 a5 63. g7 Ke5 64. Rg2 Rf1+ 65.
Ke2 1-0

[Event "*** Titled Tuesday Blitz"]
[Site "Chess.com"]
[Date "2020.05.19"]
[Round "10"]
[White "SketchyMoves"]
[Black "Munkhzul_Turmunkh"]
[Result "0-1"]
[WhiteElo "2636"]
[BlackElo "2534"]
[TimeControl "180+1"]
[EndTime "13:58:11 PDT"]
[Termination "Munkhzul_Turmunkh won by checkmate"]

1. e4 c5 2. Nc3 Nc6 3. Bb5 Nd4 4. Nf3 a6 5. Bd3 b5 6. Nxd4 cxd4 7. Ne2 e5 8. a4 b4 9. f4 d6 10. O-O Nf6 11. fxe5 dxe5 12. Bc4 d3 13. cxd3 Bc5+ 14. Kh1 O-O 15. d4 Bxd4 16. d3 Be6 17. Nxd4 Bxc4 18.
dxc4 Qxd4 19. Qxd4 exd4 20. e5 Ne4 21. Bf4 Rad8 22. Kg1 Rfe8 23. Rfd1 g5 24. Re1 f5 25. Bg3 d3 26. Rad1 Kf7 27. Re3 d2 28. Re2 Ke6 29.
Kf1 Rd4 30. Bf2 Rxc4 31. Be3 Rec8 32. Bxd2 Rd8 33. g4 Rcd4 34. gxf5+ Kxf5 35. e6 Kxe6 36.
Rde1 Kf5 37. Be3 Rd3 38. Kg2 Re8 39. Bb6 h6 40. Bc7 Re6 41. Bb8 Rd2 42. Bg3 Rxe2+ 43.
Rxe2 Nxg3 44. Rf2+ Kg6 45. hxg3 h5 46. Rd2 Rc6 47. Kf3 Kf5 48. Rd5+ Kf6 49. Rd4 a5 50. Rd5 Rc2 51. Rxa5 Rxb2 52. Rb5 Rb3+ 53. Ke4 Rxg3 54. Rb6+ Kf7 55. Kf5 h4 56. Rb7+ Ke8 57. a5 h3 58.
a6 Ra3 59. a7 h2 60. Ke6 Ra6+ 61. Kd5 h1=Q+ 62. Kc5 Qxb7 63. a8=Q+ Qxa8 64. Kc4 b3 65.
Kc3 b2 66. Kc2 Rc6+ 67. Kb1 Qa1# 0-1

[Event "*** Titled Tuesday Blitz"]
[Site "Chess.com"]
[Date "2020.05.19"]
[Round "10"]
[White "Konovalova_Vera"]
[Black "Chuchofrio1"]
[Result "0-1"]
[WhiteElo "2147"]
[BlackElo "2237"]
[TimeControl "180+1"]
[EndTime "13:58:11 PDT"]
[Termination "Chuchofrio1 won by checkmate"]

1. d4 d5 2. Bg5 c6 3. Nf3 Qb6 4. b3 e6 5. e3 Bb4+ 6. c3 Be7 7.
Nbd2 Nf6 8. Bd3 Nbd7 9. O-O O-O 10.
Rc1 c5 11. Bb1 Rd8 12. Qc2 Nf8 13. Ne5 h6 14. Bh4 Bd7 15. Ndf3 Rac8 16. Nxd7 Rxd7 17.
Ne5 Rdd8 18. Qd3 cxd4 19. exd4 Qd6 20. Qf3 N8d7 21. Nxd7 Qxd7 22. Rfe1 Ne8 23. Bg3 Bg5 24. Rcd1 Qc6 25. Qd3 g6 26. h4 Bf6 27. Rc1 h5 28. Qe3 Ng7 29. Qf3 Be7 30. Red1 Bd6 31. Bxd6 Qxd6 32.
Qe3 Nf5 33. Bxf5 exf5 34. Qd3 Re8 35. Re1 Re4 36. g3 Rce8 37. Kf1 f4 38. Rxe4 dxe4 39. Qb5 Qe6 40. Kg2 f3+ 41. Kh2 e3 42. Re1 exf2 43.
Rxe6 Rxe6 44. Qf1 Re2 45. g4 hxg4 46. Kg3 f5 47. Kf4 Kf7 48. Kg3 Kf6 49. Qc1 Kg7 50.
Qf1 Rxa2 51. c4 Re2 52. d5 g5 53. Qa1+ Kg6 54. hxg5 Kxg5 55. Qg7+ Kh5 56. Kf4 Re4+ 57.
Kxf5 Kh4 58. Qh6+ Kg3 59. Qd6+ Kg2 60. Qc5 f1=Q 61. Kxe4 Qe2+ 62. Kf5 Qd3+ 63. Kf4 f2 64. d6 f1=Q+ 65. Kxg4 Qdf3+ 66. Kg5 Qg3+ 67. Kh5 Qh1# 0-1

[Event "*** Titled Tuesday Blitz"]
[Site "Chess.com"]
[Date "2020.05.19"]
[Round "10"]
[White "DaggiGretarsson"]
[Black "Anna_ChessMate"]
[Result "1-0"]
[WhiteElo "2625"]
[BlackElo "2530"]
[TimeControl "180+1"]
[EndTime "13:58:12 PDT"]
[Termination "DaggiGretarsson won by resignation"]

1. d4 d5 2. Nf3 Nf6 3. g3 Bf5 4. Bg2 e6 5. O-O Be7 6. c4 c6 7. Nc3 O-O 8. Qb3 Qc8 9. Nh4 Bg4 10. h3 Bh5 11. g4 Bg6 12. Nxg6 hxg6 13. Bf4 Nbd7 14. e3 Re8 15. Bg3 Nb6 16. c5 Nbd7 17. Qc2 Nh7 18. h4 e5 19. g5 Nhf8 20. b4 exd4 21. exd4 Ne6 22. Rad1 Bd8 23. Bh3 Bc7 24. f4 a5 25. b5 Ndf8 26. b6 Bb8 27. a4 Re7 28.
Qg2 Qe8 29. Qf3 Qd7 30. Kh2 Qe8 31. Qf2 Nd7 32. Rfe1 Ra6 33. Bg4 Nxb6 34. cxb6 Rxb6 35. Bxe6 fxe6 36. Rb1 Ba7 37. Rxb6 Bxb6 38. Rb1 Ba7 39. Qd2 Qf7 40. Qd3 Bb8 41. Ne2 Bd6 42. Rf1 Re8 43.
Ng1 Qd7 44. Nf3 b5 45. Qxg6 b4 46. h5 Qf7 47. Qxf7+ Kxf7 48. g6+ Ke7 49. Bh4+ Kd7 50. Ne5+ Kc7 51. Rc1 c5 52. dxc5 Bxe5 53. fxe5 Kc6 54.
Kg3 b3 55. Rb1 Rb8 56. Bf6 Kxc5 57. Bxg7 Kc4 58. h6 b2 59. h7 Kc3 60. h8=Q Rxh8 61. Bxh8 Kc2 62. Rxb2+ Kxb2 63. g7 d4 64. g8=Q d3 1-0

[Event "*** Titled Tuesday Blitz"]
[Site "Chess.com"]
[Date "2020.05.19"]
[Round "10"]
[White "GM4life"]
[Black "manmanlai1"]
[Result "0-1"]
[WhiteElo "2225"]
[BlackElo "2364"]
[TimeControl "180+1"]
[EndTime "13:58:13 PDT"]
[Termination "manmanlai1 won by checkmate"]

1. e4 c5 2. Nf3 e6 3. d4 cxd4 4. Nxd4 a6 5. c4 Qc7 6. Nc3 Nc6 7. a3 d6 8. Be3 g6 9. Rc1 Bg7 10. Be2 Nge7 11. O-O O-O 12. b4 Qb8 13. Qd2 Rd8 14. Rfd1 Bd7 15. Nb3 Be8 16. Bb6 Rd7 17. f4 Nc8 18.
Bf2 Rd8 19. c5 Qc7 20. b5 dxc5 21. Qe1 Nd4 22. Nxd4 cxd4 23. bxa6 bxa6 24. Nd5 Qd6 25. Nc7 Rb8 26. e5 Qxa3 27. Nxa6 Rb7 28. Rxd4 Rbd7 29. Rxd7 Bxd7 30. Nc5 Be8 31. Nb7 Rd7 32. Rxc8 Rxb7 33. Rxe8+ Bf8 34. Bd4 Kg7 35. h4 Qa2 36. Kh2 Rb1 37.
Qf2 Qd5 38. Bf3 Qc4 39. h5 h6 40. hxg6 fxg6 41. Qe3 Bb4 42. Rd8 Re1 43. Rd7+ Kf8 44. Qf2 Qc8 45. Rh7 Kg8 46. Rxh6 Kg7 47. Qh4 Qg8 48.
Rh7+ Qxh7 49. Qxh7+ Kxh7 50. Kg3 Rd1 51. Kg4 Rxd4 52.
Kg5 Bd2 53. g3 Kg7 54. Bg4 Kf7 55. Kh6 Rd3 56. Kg5 Rxg3 57. Kh4 Rxg4+ 58. Kxg4 Kg7 59. Kg5 Be3 60. Kg4 Kh6 61. Kf3 Bc1 62. Kg4 Bd2 63.
Kf3 Kh5 64. Ke2 Bxf4 65. Kf3 Bxe5 66. Ke4 Bf6 67. Kf3 Kh4 68. Kf4 Kh3 69. Ke4 g5 70.
Ke3 g4 71. Kf4 g3 72. Ke4 g2 73. Kf3 g1=Q 74. Kf4 Qg5+ 75. Ke4 Qd5+ 76. Kf4 Bg5# 0-1

[Event "*** Titled Tuesday Blitz"]
[Site "Chess.com"]
[Date "2020.05.19"]
[Round "10"]
[White "Jumbo"]
[Black "Funo09"]
[Result "0-1"]
[WhiteElo "2870"]
[BlackElo "2779"]
[TimeControl "180+1"]
[EndTime "13:58:15 PDT"]
[Termination "Funo09 won by resignation"]

1. d4 Nf6 2. Bf4 g6 3. e3 Bg7 4.
Nf3 O-O 5. Be2 d6 6. O-O c5 7. c3 Nc6 8. h3 Be6 9. Nbd2 Qb6 10. Qc2 Rac8 11. Rfc1 Nd5 12. Bh2 cxd4 13. Nc4 Qd8 14. exd4 b5 15. Ne3 Qb6 16. Qd3 Bh6 17. Nxd5 Bxd5 18.
Rd1 Bc4 19. Qc2 d5 20. b3 Bxe2 21. Qxe2 Rfd8 22. Rab1 e6 23. c4 bxc4 24. bxc4 Qa6 25.
Rb5 dxc4 26. Rc5 Ne7 27. Ne5 Nd5 28. Bg3 Bf8 29. Qxc4 Qxc4 30. Rxc4 Rxc4 31. Nxc4 Nc3 32. Rd2 Rxd4 33. Rxd4 Ne2+ 34. Kf1 Nxd4 35. Bf4 Nc6 36. Ke2 f6 37. f3 Kf7 38. Be3 e5 39. Kd3 Ke6 40.
Kc3 Kd5 41. a4 Bb4+ 42. Kd3 f5 43. Nd2 Bxd2 44. Bxd2 a6 45. Bc3 e4+ 46. fxe4+ fxe4+ 47. Ke3 Ne5 48. Kf4 Nd3+ 49. Ke3 Nc5 50. a5 Nb3 51. g4 Nc5 52. h4 Ne6 53. h5 gxh5 54. gxh5 Ng5 55.
Kf4 Ne6+ 56. Ke3 Nc7 57. Bd2 Nb5 58. Bb4 Ke5 59. Bc5 Kf5 60. Be7 Nc7 61. Kd4 Ne6+ 62. Ke3 Nf4 63. h6 Nd5+ 0-1

[Event "*** Titled Tuesday Blitz"]
[Site "Chess.com"]
[Date "2020.05.19"]
[Round "10"]
[White "Orest_Vovk"]
[Black "Savagelittlemole"]
[Result "1-0"]
[WhiteElo "2402"]
[BlackElo "2521"]
[TimeControl "180+1"]
[EndTime "13:58:15 PDT"]
[Termination "Orest_Vovk won by resignation"]

1. e4 c5 2. Be2 Nc6 3. c3 Nf6 4. d3 g6 5. f4 Bg7 6. Nf3 O-O 7.
O-O e5 8. Nxe5 Re8 9. Nf3 d5 10. e5 Ng4 11. d4 cxd4 12. cxd4 Be6 13. Ng5 Nh6 14. Nxe6 fxe6 15. Be3 Rf8 16. g4 Rc8 17. Nc3 Na5 18. h3 Nc4 19. Bxc4 Rxc4 20. Kg2 a6 21. Qd2 b5 22. f5 exf5 23. Bxh6 fxg4 24. Rxf8+ Qxf8 25. Bxg7 Qf3+ 26. Kg1 Kxg7 27. Rf1 Qg3+ 28. Qg2 Qxg2+ 29. Kxg2 gxh3+ 30. Kxh3 Rxd4 31. e6 Rd3+ 32. Kg2 Re3 33. Rf7+ Kg8 34. Re7 Re5 35. Kf3 h5 36.
Ne2 Kf8 37. Rf7+ Kg8 38. Re7 Kf8 39. Ra7 Rxe6 40. Nf4 Rf6 41. Ke3 h4 42. Nxd5 Re6+ 43. Kf3 g5 44. Kg4 Re2 45. Rxa6 Rxb2 46. Kxg5 h3 47. Rh6 h2 48. a3 Rg2+ 49. Kf5 Rf2+ 50. Ke4 Re2+ 51. Kd4 Rd2+ 52. Kc5 Ra2 53. Kb4 Rb2+ 54.
Kc3 Ra2 55. Kb3 Rd2 56. Nc3 Kg7 57. Rh3 Kg6 58. Rh8 Kg7 59. Rh4 Kg6 60. Nxb5 Kg5 61. Rh8 Kg4 62. Nc3 Kg3 63. Ne4+ Kg2 64. Nxd2 Kg1 65. Rxh2 Kxh2 66. a4 Kg3 67. a5 Kf4 68. a6 Ke5 69. a7 Kd6 70. a8=Q Kc7 1-0

[Event "*** Titled Tuesday Blitz"]
[Site "Chess.com"]
[Date "2020.05.19"]
[Round "10"]
[White "albano87"]
[Black "Bastiandash"]
[Result "0-1"]
[WhiteElo "2320"]
[BlackElo "2213"]
[TimeControl "180+1"]
[EndTime "13:58:15 PDT"]
[Termination "Bastiandash won on time"]

1. Nf3 Nf6 2. g3 e6 3. Bg2 d5 4. O-O Be7 5. d4 O-O 6. Nbd2 c5 7. c3 Nc6 8. a4 b6 9. dxc5 Bxc5 10. b4 Be7 11. Bb2 Bb7 12. b5 Na5 13. Rc1 Rc8 14.
Ne5 Nd7 15. Nxd7 Qxd7 16. e3 Bf6 17. Qe2 Rc7 18. Nb1 Rfc8 19. Rfd1 Rc4 20. e4 Rxa4 21. exd5 Bxd5 22. Na3 Qb7 23. Bxd5 exd5 24. Qf3 Nc4 25. Nxc4 Raxc4 26. Rxd5 Qe7 27. Qd3 R4c7 28. Rd1 g6 29. Rc1 Kg7 30. Ba1 Rc4 31. Kf1 R8c7 32. Re1 Qa3 33. Rd1 Qb3 34. Kg2 h6 35. Kg1 R4c5 36.
Rxc5 Rxc5 37. c4 Qxd3 38. Bxf6+ Kxf6 39. Rxd3 Rxc4 40. Rd7 Ra4 41. Rd6+ Kg7 42. Rc6 Ra5 43. Rc7 h5 44. Kg2 g5 45. h4 g4 46. Kf1 Rxb5 47.
Rxa7 Rb2 48. Rb7 Kg6 49. Ke1 b5 50. Rc7 f6 51. Rc8 b4 52. Rg8+ Kf5 53. Rb8 Ke4 54.
Rb5 f5 55. Rb8 Kf3 56. Rf8 Re2+ 57. Kd1 Rxf2 58. Rxf5+ Kxg3 59. Rxh5 Rh2 60. Rb5 Rh1+ 61. Ke2 Rb1 62. h5 b3 63. h6 b2 0-1

[Event "*** Titled Tuesday Blitz"]
[Site "Chess.com"]
[Date "2020.05.19"]
[Round "10"]
[White "Bacyanide"]
[Black "Robert_Chessmood"]
[Result "1/2-1/2"]
[WhiteElo "2468"]
[BlackElo "2867"]
[TimeControl "180+1"]
[EndTime "13:58:17 PDT"]
[Termination "Game drawn - insufficient material"]

1. d4 Nf6 2. Nf3 d5 3. Bf4 c5 4. e3 Nc6 5. Nbd2 Bf5 6. Bb5 e6 7. c4 Rc8 8. Qa4 Be7 9. dxc5 O-O 10. b4 a5 11. a3 axb4 12. axb4 Ra8 13. Qxa8 Qxa8 14.
Rxa8 Rxa8 15. Bxc6 bxc6 16. O-O Ra4 17. cxd5 Nxd5 18.
Bd6 Bd3 19. Rc1 Bf6 20. Ne5 Bxe5 21. Bxe5 f6 22. Bd6 e5 23. e4 Nc3 24. Re1 Rxb4 25. f3 Rb2 26. Nf1 Bxf1 27. Kxf1 Kf7 28. Rc1 Ne2 29.
Ra1 Nd4 30. Ra7+ Kg6 31. Bf8 Ne6 32. Bd6 h5 33. h4 f5 34. exf5+ Kxf5 35. Rf7+ Kg6 36.
Re7 Kf6 37. Re8 g6 38. Rc8 Nd4 39. Rf8+ Kg7 40. Re8 Kf7 41. Rxe5 Nf5 42. Re4 Rd2 43. Be5 Rd5 44. Bd6 Nxd6 45. cxd6 Rxd6 46. Kf2 c5 47.
Rc4 Rc6 48. Ke3 Ke6 49. Ke4 Kd6 50. g4 Rc8 51. Rc1 c4 52. Kd4 g5 53. hxg5 h4 54.
Kc3 Ke5 55. Rh1 Rh8 56. Kxc4 Kf4 57. g6 Kg3 58. f4 Kxg4 59. f5 Ra8 60. g7 Kxf5 61.
Rxh4 Rg8 62. Rh8 Rxg7 63. Rd8 Rg5 64. Rd5+ Kg4 65. Rxg5+ Kxg5 1/2-1/2

[Event "*** Titled Tuesday Blitz"]
[Site "Chess.com"]
[Date "2020.05.19"]
[Round "10"]
[White "Cambek64"]
[Black "bait_or_mate"]
[Result "0-1"]
[WhiteElo "2335"]
[BlackElo "2460"]
[TimeControl "180+1"]
[EndTime "13:58:17 PDT"]
[Termination "bait_or_mate won on time"]

1. b3 e5 2. Bb2 d6 3. e3 g6 4.
d4 Bg7 5. dxe5 Nc6 6. Nf3 Nge7 7. Nbd2 dxe5 8. Nc4 Qxd1+ 9. Rxd1 Bg4 10. Be2 f6 11. Nfd2 Be6 12. Ne4 b6 13. a3 Kf7 14. O-O Rhd8 15. Bd3 h6 16. f4 f5 17. fxe5 Nd5 18.
Ng3 b5 19. e4 bxc4 20. exd5 cxd3 21. dxe6+ Kxe6 22. cxd3 Rd7 23. d4 Rb8 24. Ne2 g5 25. b4 a5 26. Rc1 Ne7 27. Rc4 axb4 28. axb4 Nd5 29. Bc3 Ne3 30. Rc6+ Kd5 31. Rc5+ Ke4 32. Ng3+ Kd3 33. Nxf5 Nxf1 34. Kxf1 g4 35. e6 Bxd4 36. Bxd4 Rdd8 37. e7 Re8 38. Rxc7 Rxb4 39. Bc5 Rf4+ 40. Ke1 Rxf5 41. Rd7+ Kc4 42. Rd8 Re5+ 43. Kf2 R8xe7 44. Bxe7 Rxe7 45. Rd6 h5 46. Kg3 Re5 47. Rf6 Kd5 48. Kh4 Ke4 49. g3 Ke3 50. Rh6 Kf3 51. Rxh5 Re2 52.
Rf5+ Ke4 53. Rf4+ Ke5 54. Kxg4 Rxh2 55. Rf1 Rh8 56. Kg5 Rg8+ 0-1

[Event "*** Titled Tuesday Blitz"]
[Site "Chess.com"]
[Date "2020.05.19"]
[Round "10"]
[White "fighter2jz"]
[Black "velemajstor767276"]
[Result "1-0"]
[WhiteElo "2773"]
[BlackElo "2640"]
[TimeControl "180+1"]
[EndTime "13:58:20 PDT"]
[Termination "fighter2jz won on time"]

1. b3 Nf6 2. Bb2 b6 3. f3 d5 4.
Kf2 c5 5. g3 g6 6. Bg2 Bg7 7.
Kf1 O-O 8. c3 e5 9. d3 d4 10. c4 Bb7 11. Nh3 Nbd7 12. Nf2 Nh5 13. Nd2 f5 14. Rg1 Bh6 15. Bh1 Be3 16. Qe1 Qg5 17. Rd1 Qh6 18. Rg2 Ndf6 19. Bc1 e4 20.
a3 exd3 21. Nxd3 Rae8 22. h4 f4 23. g4 Ng3+ 24. Rxg3 fxg3 25. Qxg3 g5 26. h5 Qg7 27. Kg2 h6 28. Kh3 Qd7 29. Kh2 Qe6 30. Nf1 Bxc1 31. Nxc1 Qe5 32. Bg2 Qxg3+ 33. Nxg3 Re5 34. Nd3 Re6 35. Rd2 Nd7 36. Nf5 Kh7 37. Nf2 Rfe8 38.
Ne4 Bxe4 39. fxe4 Nf6 40. Bf3 Nxe4 41. Rd3 Nc3 42. Ng3 Re3 43. Rd2 a5 44. a4 R3e5 45.
Kg2 Nb1 46. Rb2 Nc3 47. Rd2 R5e7 48. Kf2 Rf8 49. Nf5 Rxf5 50. gxf5 Ne4+ 51. Bxe4 Rxe4 52. Rd3 Rf4+ 53. Kg3 Kg7 54. e3 dxe3 55. Rxe3 Rxf5 56. Re6 Rf6 57. Re7+ Rf7 58. Re6 Rf6 59. Re8 Kf7 60.
Rb8 Ke7 61. Rb7+ Kd8 62. Kg2 Kc8 63. Rg7 Rf4 64. Rg6 Rh4 65. Rxh6 Kc7 66. Kg3 Kb7 67. Rh7+ Ka6 68. h6 Rh5 69. Kg4 Rh1 70. Kxg5 Rg1+ 71. Kf6 Rf1+ 72. Ke7 Re1+ 73. Kd8 Rh1 74. Kc8 1-0

[Event "*** Titled Tuesday Blitz"]
[Site "Chess.com"]
[Date "2020.05.19"]
[Round "10"]
[White "Fandorine"]
[Black "CaspiIsrael"]
[Result "1-0"]
[WhiteElo "2864"]
[BlackElo "2611"]
[TimeControl "180+1"]
[EndTime "13:58:20 PDT"]
[Termination "Fandorine won by checkmate"]

1. d4 f5 2. Bg5 g6 3. e3 Bg7 4.
Nc3 Nf6 5. h4 h6 6. Bf4 d6 7. f3 Nc6 8. Bb5 O-O 9. Qd2 e5 10.
Bh2 exd4 11. exd4 Nh5 12. O-O-O Nxd4 13. Bc4+ Be6 14. Qxd4 Bxd4 15. Bxe6+ Kh8 16. Rxd4 Qf6 17. Nge2 Qxe6 18. Rhd1 Rae8 19. Nf4 Nxf4 20. Bxf4 Kh7 21. b3 Rf7 22. a4 a6 23. Rc4 Rd7 24. Kb2 c6 25. a5 Qf6 26. Kb1 Re6 27. Bg3 Re3 28. Na4 Re2 29. Rcd4 Rxg2 30. Bxd6 Qe6 31. Nc5 Qe2 32.
Rc1 Rf7 33. f4 Qf2 34. Rdd1 Qxh4 35. Be5 g5 36. Rd8 Kg6 37. Nd3 g4 38. Rd6+ Kh7 39. Bb2 Qe7 40. Be5 Rh2 41. Rg1 h5 42. Nc5 h4 43. Ne6 g3 44. Ng5+ Kg8 45. Rg6+ Kf8 46.
Bd6 g2 47. Bxe7+ Rxe7 48. Nf3 Rh1 49. Rxg2 Rxg1+ 50. Rxg1 Re4 51. Nxh4 Kf7 52. Nxf5 Rxf4 53. Nd6+ Ke6 54. Nxb7 Rf5 55. Rg7 Kd5 56. Kb2 c5 57. Rc7 Kd4 58. Nxc5 Rxc5 59. Rxc5 Kxc5 60. c3 Kb5 61. b4 Ka4 62. Kc2 Kb5 63. Kd3 Ka4 64. Kc4 Ka3 65. Kc5 Ka4 66. c4 Kb3 67. b5 axb5 68. cxb5 Ka4 69. a6 Ka5 70. a7 Ka4 71.
b6 Kb3 72. b7 Kb2 73. b8=Q+ Ka1 74. a8=Q# 1-0

[Event "*** Titled Tuesday Blitz"]
[Site "Chess.com"]
[Date "2020.05.19"]
[Round "10"]
[White "top_bu_tz"]
[Black "canary2016"]
[Result "1-0"]
[WhiteElo "2224"]
[BlackElo "1973"]
[TimeControl "180+1"]
[EndTime "13:58:21 PDT"]
[Termination "top_bu_tz won by checkmate"]

1. e4 e5 2. Nf3 Nf6 3. Nxe5 d6 4. Nf3 Nxe4 5. Nc3 Nxc3 6. dxc3 Qe7+ 7. Be2 g6 8. O-O Bg7 9. Bb5+ c6 10. Re1 Be6 11.
Bd3 O-O 12. Qe2 Re8 13. Bf4 Nd7 14. Rad1 Nc5 15. Bxg6 hxg6 16. Bxd6 Qf6 17. Bxc5 Bxa2 18. Qxe8+ Rxe8 19. Rxe8+ Kh7 20. Bd4 Qf5 21. Bxg7 Kxg7 22. Rd2 Bd5 23. Re3 Qf4 24. Rd4 Qf5 25. c4 Bxf3 26. Rxf3 Qxc2 27. h3 Qxb2 28. Rd7 Qa1+ 29. Kh2 Qe5+ 30. g3 Qe6 31. Rxb7 Qxc4 32. Rxa7 Qd5 33. Rf4 c5 34. Raa4 Qb3 35. Rac4 Qb5 36. h4 Qc6 37. Rc3 Qd6 38. Rfc4 Qf6 39. Rc2 Qf5 40. Rxc5 Qe4 41. R5c3 Qd4 42. Re3 Qd1 43.
Rce2 Qd5 44. f3 Qc4 45. Kg2 Qd5 46. Re7 Qc4 47. Rf2 Qd4 48. Ree2 Qd5 49. Rd2 Qc5 50. Rd7 Qc6 51. Rfd2 Qb6 52. Re7 Qb4 53. Rdd7 Qb2+ 54.
Kh3 Qf6 55. Rxf7+ Qxf7 56. Rxf7+ Kxf7 57. Kg4 Kf6 58. f4 Kg7 59. Kg5 Kh7 60. h5 gxh5 61.
Kxh5 Kg7 62. Kg5 Kf7 63. f5 Kg7 64. f6+ Kf7 65. Kf5 Kf8 66. g4 Kg8 67. g5 Kf8 68. g6 Kg8 69. f7+ Kf8 70. Ke6 Kg7 71. Ke7 Kxg6 72. f8=Q Kg5 73. Qf6+ Kg4 74. Ke6 Kg3 75. Ke5 Kg4 76. Ke4 Kh5 77. Qg7 Kh4 78. Qg6 Kh3 79. Qg5 Kh2 80. Qg4 Kh1 81. Kf3 Kh2 82.
Qg2# 1-0

[Event "*** Titled Tuesday Blitz"]
[Site "Chess.com"]
[Date "2020.05.19"]
[Round "10"]
[White "Gordima"]
[Black "AminMolaei"]
[Result "0-1"]
[WhiteElo "2774"]
[BlackElo "2662"]
[TimeControl "180+1"]
[EndTime "13:58:22 PDT"]
[Termination "AminMolaei won by resignation"]

1. d4 e6 2. c4 b6 3. Nc3 Bb7 4. Qc2 f5 5. Nf3 Nf6 6. g3 Be7 7. Bg2 O-O 8. O-O a5 9. b3 Na6 10. a3 Qc8 11. Bb2 Ne4 12. Nd1 Bf6 13. Ne3 g6 14.
Rac1 d6 15. Ne1 Bg5 16. Nd3 Nxf2 17. Nf4 Bxg2 18. Nexg2 Ne4 19. Rcd1 c6 20. Bc1 e5 21. dxe5 dxe5 22. Nd3 Bxc1 23. Qxc1 Qe6 24. Nge1 Nac5 25. Nf3 Nxb3 26. Qh6 Nc3 27. Ng5 Qe7 28. Nxe5 Nxd1 29. Rxd1 Rad8 30. Rb1 a4 31. Nxg6 hxg6 32. Qxg6+ Qg7 33.
Qe6+ Kh8 34. h4 Rf6 35. Qe3 Nd4 36. Rxb6 c5 37. Rb1 f4 38. gxf4 Nf5 39. Qe5 Qe7 40. Rb7 Qxe5 41. fxe5 Rff8 42. e6 Rg8 43. Kf2 Rdf8 44.
Nf7+ Rxf7 45. exf7 Rf8 46. Ra7 Nh6 47. Rxa4 Rxf7+ 48.
Ke3 Nf5+ 49. Kd2 Nd4 50. e3 Nb3+ 51. Kc3 Nc1 52. Ra5 Ne2+ 53. Kd2 Ng3 54. Kd3 Rd7+ 55.
Kc2 Ne4 56. Ra8+ Kg7 57. Re8 Rd2+ 58. Kb3 Rd3+ 59. Ka4 Nd6 60. Rd8 Kf7 61. h5 Ke7 62. h6 Kxd8 63. h7 Nf7 64. Kb5 Rxe3 65. a4 Ra3 66. a5 Kc7 67. a6 Kd6 68. Kb6 Rb3+ 69. Ka7 Kc7 70. Ka8 Rb8+ 71. Ka7 Rb6 0-1

[Event "*** Titled Tuesday Blitz"]
[Site "Chess.com"]
[Date "2020.05.19"]
[Round "10"]
[White "SaqoChess_Twitch"]
[Black "antoszu"]
[Result "1-0"]
[WhiteElo "2422"]
[BlackElo "2529"]
[TimeControl "180+1"]
[EndTime "13:58:22 PDT"]
[Termination "SaqoChess_Twitch won by resignation"]

1. d4 Nf6 2. c4 e6 3. Nc3 Bb4 4. a3 Bxc3+ 5. bxc3 O-O 6. e3 b6 7. Bd3 Nc6 8. Ne2 Na5 9. e4 Ne8 10. O-O Ba6 11. f4 Bxc4 12. Bxc4 Nxc4 13. f5 exf5 14. exf5 d5 15. f6 Nxf6 16. Bg5 Qe7 17. Ng3 Qe6 18. Bxf6 gxf6 19. Qh5 Qe3+ 20. Kh1 Qg5 21. Qh3 Nd6 22. Rf3 Kh8 23. Raf1 Ne4 24. Nxe4 dxe4 25. Rxf6 Qg7 26. R1f4 Rae8 27. Rh6 f6 28. Rxh7+ Qxh7 29. Rh4 Rf7 30. Rxh7+ Rxh7 31. Qf5 Rf7 32. Qg6 Ree7 33. Kg1 e3 34. Kf1 e2+ 35. Ke1 f5 36. h4 f4 37.
h5 Rg7 38. Qf6 Rf7 39. Qe5 Kh7 40. Kf2 Re7 41. Qf5+ Kg8 42. Qc8+ Kh7 43. Ke1 Rxg2 44. Qf5+ Kg8 45. Qc8+ Kf7 46. Qf5+ Kg7 47. h6+ Kxh6 48. Qh3+ Kg5 49. Qxg2+ Kf5 50. Qh3+ Kf6 51. Qh4+ Ke6 52.
Kxe2 Kd7+ 53. Kf3 Rf7 54. Qh5 Ke7 55. c4 a5 56. c5 bxc5 57. Qxc5+ Kd7 58. Qxa5 Rf6 59.
Qd5+ Rd6 60. Qf7+ Kc6 61. Qxf4 Kb7 62. Qe4+ Ka7 63. d5 Ra6 64. Qd4+ Kb7 65. Qc5 Rd6 66. Ke4 Rb6 67. Kd4 Ra6 68. Qb5+ Rb6 69. Qd3 Ra6 70.
Kc5 Ra5+ 71. Kb4 Ra6 72. a4 Rd6 73. a5 c6 74. Qh7+ Ka6 75. Qc7 1-0

[Event "*** Titled Tuesday Blitz"]
[Site "Chess.com"]
[Date "2020.05.19"]
[Round "10"]
[White "Ceejay271"]
[Black "szachuspl"]
[Result "0-1"]
[WhiteElo "2402"]
[BlackElo "2542"]
[TimeControl "180+1"]
[EndTime "13:58:26 PDT"]
[Termination "szachuspl won on time"]

1. d4 Nf6 2. c4 g6 3. Nc3 Bg7 4. e4 d6 5. Nf3 O-O 6. Be2 Na6 7. O-O e5 8. Be3 Ng4 9. Bg5 Qe8 10. Re1 h6 11. Bh4 c6 12. dxe5 dxe5 13. Nd2 Nf6 14. a3 Nc5 15. b4 Ne6 16. c5 g5 17. Bg3 Nf4 18. Nc4 Be6 19. Nxe5 Nxe4 20. Nxe4 Bxe5 21. Rc1 Qd8 22. Qc2 Qc7 23. Bc4 Rad8 24. Rcd1 Kg7 25. Nd6 Bxd6 26. cxd6 Rxd6 27. Bxf4 Rxd1 28. Qxd1 Qxf4 29.
Bxe6 fxe6 30. f3 e5 31. Qd7+ Rf7 32. Qe6 Rf6 33. Qxe5 Qxe5 34. Rxe5 Kf7 35. Kf2 Rd6 36. Ke3 Rd1 37. Rc5 Ra1 38. Rc3 Ra2 39. g3 Rxh2 40. b5 Ra2 41. bxc6 bxc6 42. Rxc6 Rxa3+ 43. Kf2 h5 44. Rh6 g4 45. f4 Ra2+ 46. Kg1 Ra5 47.
Kf2 Kg7 48. Rc6 Ra2+ 49. Kg1 a5 50. Ra6 a4 51. Kh1 Kf7 52. Kg1 a3 53. Kh1 Ra1+ 54. Kg2 a2 55. Kh2 Ke7 56. Kg2 Kd7 57.
Kh2 Kc7 58. Ra3 Kb6 59. Kg2 Kc5 60. Ra8 Kd4 61. Kh2 Ke3 62. Ra3+ Kf2 63. Ra4 Ke2 64. f5 Ke3 65. f6 Rf1 66. Rxa2 Rxf6 67. Ra5 Rf2+ 68.
Kh1 Kf3 69. Rxh5 Kxg3 70. Kg1 Ra2 71. Kf1 Ra1+ 72. Ke2 Kg2 73. Rg5 g3 74. Rg8 Rg1 75.
Ra8 Rb1 0-1